[Event "ICC tourney 2246 (120 10)"]
[Site "Internet Chess Club"]
[Date "2020.12.26"]
[Round "2"]
[White "cfetteroll"]
[Black "Aahilvalliani"]
[Result "1-0"]
[ICCResult "Black resigns"]
[WhiteElo "1275"]
[BlackElo "813"]
[Opening "Queen's pawn game"]
[ECO "D00"]
[NIC "QP.08"]
[Time "17:16:54"]
[PlyCount "95"]
[TimeControl "7200+10"]

1. d4 d5 2. g3 e6 3. Bg2 c5 4. dxc5 Bxc5 5. e3 Nf6 6. Ne2 O-O 7. O-O Nc6 8.
a3 Bd6 9. b4 Bd7 10. Bb2 Be5 11. Bxe5 Nxe5 12. Nd2 Bb5 13. a4 Bxe2 14. Qxe2
Rc8 15. Rfc1 Qe7 16. c3 Rc7 17. f4 Nc4 18. Nxc4 Rxc4 19. Qd2 Rfc8 20. Bf1
R4c6 21. a5 Ne4 22. Qd4 Rxc3 23. Rxc3 Rxc3 24. Qxa7 h6 25. a6 Qxb4 26. Qxb7
Qxb7 27. axb7 Rb3 28. Ra8+ Kh7 29. b8=Q Rxb8 30. Rxb8 Kg6 31. Bd3 f5 32.
Bxe4 fxe4 33. g4 h5 34. g5 Kf5 35. Kg2 g6 36. Kg3 h4+ 37. Kxh4 e5 38. Rf8+
Ke6 39. Rf6+ Ke7 40. fxe5 Kd7 41. Kg3 Ke7 42. h4 Kd7 43. Rxg6 Ke7 44. Kf2
Kf7 45. Rf6+ Ke7 46. h5 d4 47. exd4 e3+ 48. Kxe3 { Black resigns } 1-0

[Event "ICC tourney 2246 (120 10)"]
[Site "Internet Chess Club"]
[Date "2020.12.26"]
[Round "2"]
[White "varunprabhu"]
[Black "OS99"]
[Result "1-0"]
[ICCResult "Black checkmated"]
[WhiteElo "644"]
[BlackElo "891"]
[Opening "Giuoco Piano: four knights variation"]
[ECO "C47"]
[NIC "KP.06"]
[Time "17:17:18"]
[PlyCount "95"]
[TimeControl "7200+10"]

1. e4 e5 2. Nf3 Nc6 3. Nc3 Nf6 4. Bc4 Bc5 5. O-O O-O 6. d3 h6 7. a3 a5 8.
Na4 Ba7 9. Nc3 d6 10. h3 Bd7 11. Bd2 Kh8 12. Nd5 Nxd5 13. exd5 Ne7 14. Bxa5
Bxf2+ 15. Rxf2 Rxa5 16. b4 Ra8 17. Rf1 b5 18. Bb3 Qb8 19. c3 Qb6+ 20. d4
Qb7 21. dxe5 dxe5 22. Nxe5 Be8 23. Qd3 Rd8 24. Bc2 f5 25. g4 Rxd5 26. Qe3
Kg8 27. Bb3 fxg4 28. Rxf8+ Kxf8 29. Bxd5 Nxd5 30. Rf1+ Kg8 31. Qf2 gxh3 32.
Qf8+ Kh7 33. Qxe8 Ne3 34. Qg6+ Kg8 35. Rf7 Qg2+ 36. Qxg2 hxg2 37. Rxc7 h5
38. Rb7 h4 39. Nf3 h3 40. Rxb5 Nc4 41. a4 Nb2 42. a5 Nd3 43. a6 Nc1 44. Rb7
Ne2+ 45. Kh2 g5 46. a7 g1=Q+ 47. Nxg1 Nxg1 48. a8=Q# { Black checkmated }
1-0

[Event "ICC tourney 2246 (120 10)"]
[Site "Internet Chess Club"]
[Date "2020.12.26"]
[Round "2"]
[White "aang07"]
[Black "ankilab"]
[Result "1-0"]
[ICCResult "Black resigns"]
[WhiteElo "1130"]
[BlackElo "425"]
[Opening "Queen's pawn game"]
[ECO "D04"]
[NIC "QP.08"]
[Time "17:16:58"]
[PlyCount "67"]
[TimeControl "7200+10"]

1. d4 d5 2. e3 Nf6 3. Nf3 Bf5 4. Be2 e6 5. Nbd2 Nc6 6. b3 Nb4 7. O-O Nxc2
8. Rb1 Nb4 9. Ba3 Bxb1 10. Qxb1 Qd7 11. Ne5 Qd6 12. Bf3 O-O-O 13. Nxf7 Qa6
14. Nxd8 Kxd8 15. Bxb4 Bxb4 16. Qc2 h5 17. Nb1 c6 18. a3 Be7 19. Be2 Qb6
20. b4 a5 21. bxa5 Qxa5 22. Bf3 Bd6 23. e4 e5 24. dxe5 Bxe5 25. exd5 cxd5
26. Rd1 g6 27. Qd3 Qc7 28. h3 Bh2+ 29. Kh1 Be5 30. Bxd5 Re8 31. Bc6+ Kc8
32. Bxe8 Nxe8 33. Qe4 Nf6 34. Qxg6 { Black resigns } 1-0

[Event "ICC tourney 2246 (120 10)"]
[Site "Internet Chess Club"]
[Date "2020.12.26"]
[Round "2"]
[White "potatos22"]
[Black "MatthewDiao"]
[Result "0-1"]
[ICCResult "White checkmated"]
[WhiteElo "1088"]
[BlackElo "1178"]
[Opening "Sicilian defense"]
[ECO "B44"]
[NIC "SI.39"]
[Time "17:17:12"]
[PlyCount "130"]
[TimeControl "7200+10"]

1. e4 c5 2. Nf3 Nc6 3. d4 cxd4 4. Nxd4 e6 5. Be2 Nf6 6. Nc3 Bb4 7. f3 O-O
8. O-O Bc5 9. Be3 d5 10. exd5 Nxd5 11. Bf2 Qg5 12. Ne4 Qe5 13. Nxc5 Ne3 14.
Nxc6 bxc6 15. Nd3 Qg5 16. Bxe3 Qxe3+ 17. Nf2 Bb7 18. Qd3 Qb6 19. Rab1 Rad8
20. Qc3 c5 21. Bd3 Rd4 22. Kh1 Rh4 23. Be4 Qd6 24. h3 Bc8 25. Qd3 Qg3 26.
Rbd1 e5 27. Bf5 c4 28. Qe3 Bxf5 29. Qe1 Qf4 30. Qd2 Qg3 31. Ne4 Bxe4 32.
fxe4 Rxe4 33. Qf2 Qxf2 34. Rxf2 Rd4 35. Rxd4 exd4 36. Rd2 Rd8 37. Kg1 f5
38. Kf2 Kf7 39. Kf3 Kf6 40. h4 h5 41. Ke2 f4 42. Kf3 Kf5 43. g3 fxg3 44.
Kxg3 d3 45. cxd3 Rxd3+ 46. Rxd3 cxd3 47. Kf3 d2 48. Ke2 Kg4 49. Kxd2 Kxh4
50. Ke2 Kg3 51. Kf1 Kh2 52. a4 g5 53. b4 g4 54. b5 g3 55. a5 g2+ 56. Ke2
g1=Q 57. b6 axb6 58. a6 Qa1 59. Kf3 Qxa6 60. Ke4 Qb5 61. Kf4 Qd5 62. Ke3
Kg3 63. Ke2 Qd4 64. Ke1 Kf3 65. Kf1 Qd1# { White checkmated } 0-1

[Event "ICC tourney 2246 (120 10)"]
[Site "Internet Chess Club"]
[Date "2020.12.26"]
[Round "2"]
[White "falcon2020"]
[Black "kushagra12"]
[Result "0-1"]
[ICCResult "White resigns"]
[WhiteElo "1213"]
[BlackElo "1108"]
[Opening "Queen's pawn: London system"]
[ECO "A45"]
[NIC "QP.07"]
[Time "17:17:10"]
[PlyCount "76"]
[TimeControl "7200+10"]

1. d4 Nf6 2. Bf4 d6 3. e3 Bf5 4. Nf3 Nc6 5. Bb5 Bd7 6. Nbd2 e6 7. e4 Be7 8.
Qe2 O-O 9. O-O-O a6 10. Ba4 Nxd4 11. Nxd4 Bxa4 12. e5 Nd5 13. g3 Nxf4 14.
gxf4 dxe5 15. Qxe5 Bf6 16. Nxe6 fxe6 17. Qxe6+ Kh8 18. Nc4 Qe7 19. Qg4 Qb4
20. Qe2 Rfe8 21. Qd3 Rad8 22. a3 Qb5 23. Qf1 Rxd1+ 24. Kxd1 Bxb2 25. Qd3
Bf6 26. Kc1 Qc6 27. Rg1 Bb5 28. Na5 Qb6 29. Qd2 Re2 30. Qb4 Re7 31. Rd1 g6
32. a4 Be2 33. Rd8+ Kg7 34. Qb3 Qxa5 35. Qg8+ Kh6 36. Qf8+ Bg7 37. Kb1 Qe1+
38. Ka2 Bc4+ { White resigns } 0-1

[Event "ICC tourney 2246 (120 10)"]
[Site "Internet Chess Club"]
[Date "2020.12.26"]
[Round "2"]
[White "SMILERG"]
[Black "nguyencaptures"]
[Result "1-0"]
[ICCResult "Black checkmated"]
[WhiteElo "1247"]
[BlackElo "1124"]
[Opening "Queen's pawn game"]
[ECO "D02"]
[NIC "QP.08"]
[Time "17:16:56"]
[PlyCount "195"]
[TimeControl "7200+10"]

1. d4 d5 2. Nf3 Bf5 3. Bf4 Nc6 4. e3 e6 5. Bd3 Be7 6. c3 Nf6 7. Qc2 Ne4 8.
Nbd2 Nf6 9. O-O Bxd3 10. Qxd3 O-O 11. e4 dxe4 12. Nxe4 Nxe4 13. Qxe4 Bd6
14. Bg3 Bxg3 15. hxg3 Qf6 16. Rfe1 Rad8 17. Rad1 Rd5 18. Ne5 Nxe5 19. dxe5
Qd8 20. Rd4 c5 21. Rxd5 exd5 22. Qa4 Qb6 23. b3 Rd8 24. Kh2 d4 25. cxd4
cxd4 26. Rd1 h6 27. f4 d3 28. Qe4 d2 29. Qc2 Qf2 30. f5 Qe2 31. e6 fxe6 32.
fxe6 Qxe6 33. Rxd2 Rxd2 34. Qxd2 Kf7 35. Qf2+ Ke7 36. Qxa7 Qc6 37. Qe3+ Kd7
38. Qd4+ Qd6 39. Qxg7+ Kc6 40. Qc3+ Kb6 41. a4 Qa3 42. Qf6+ Ka7 43. Qd4+
Ka6 44. Qc4+ Ka7 45. Qd4+ Ka6 46. Qf6+ Ka7 47. Qf2+ Ka6 48. Qe2+ Kb6 49.
Qb5+ Ka7 50. a5 Qd6 51. b4 Qc6 52. Qd3 Qe6 53. b5 Qe8 54. b6+ Ka8 55. a6
Qh5+ 56. Kg1 Qc5+ 57. Kh2 Qh5+ 58. Kg1 Qc5+ 59. Kf1 Qxb6 60. axb7+ Qxb7 61.
Qd8+ Ka7 62. Qa5+ Kb8 63. Qe5+ Ka7 64. Qe3+ Qb6 65. Qxb6+ Kxb6 66. Kf2 Kc6
67. Kf3 Kd6 68. Kf4 Ke6 69. Kg4 Kf6 70. Kh5 Kg7 71. g4 Kh7 72. g5 hxg5 73.
Kxg5 Kg7 74. g3 Kh7 75. Kf6 Kh8 76. g4 Kh7 77. g5 Kh8 78. Kf7 Kh7 79. g6+
Kh6 80. g7 Kg5 81. g8=Q+ Kf4 82. Qg6 Ke5 83. Ke8 Kd4 84. Qf5 Ke3 85. Qg4
Kd3 86. Qf4 Kc3 87. Qe4 Kd2 88. Qf3 Kc2 89. Qe3 Kb2 90. Qd3 Ka2 91. Qc3 Kb1
92. Qd2 Ka1 93. Kd7 Kb1 94. Kc6 Ka1 95. Kb5 Kb1 96. Ka4 Ka1 97. Ka3 Kb1 98.
Qb2# { Black checkmated } 1-0

[Event "ICC tourney 2246 (120 10)"]
[Site "Internet Chess Club"]
[Date "2020.12.26"]
[Round "2"]
[White "BArkadia"]
[Black "waterycargo"]
[Result "1-0"]
[ICCResult "Black checkmated"]
[WhiteElo "1043"]
[BlackElo "1222"]
[Opening "French: advance variation"]
[ECO "C02"]
[NIC "FR.03"]
[Time "17:17:15"]
[PlyCount "81"]
[TimeControl "7200+10"]

1. e4 e6 2. d4 d5 3. e5 c5 4. c3 Nc6 5. Be3 Qb6 6. Qb3 Qxb3 7. axb3 cxd4 8.
cxd4 Bb4+ 9. Nc3 Nge7 10. Bb5 Bd7 11. Nf3 Nf5 12. O-O Na5 13. Bxd7+ Kxd7
14. Nd2 Nc6 15. Nf3 Ba5 16. g4 Nxe3 17. fxe3 Bb6 18. Ng5 Nxe5 19. Nxf7 Nxf7
20. Rxf7+ Ke8 21. Rxg7 Rb8 22. Rf1 a6 23. Rff7 Bd8 24. Kg2 b6 25. Rxh7 Rxh7
26. Rxh7 Kf8 27. Kg3 Kg8 28. Ra7 a5 29. h4 Bf6 30. g5 Bh8 31. h5 Kf8 32. h6
Kg8 33. g6 Bf6 34. h7+ Kh8 35. Kg4 Rc8 36. Nb5 Rb8 37. Nd6 e5 38. dxe5 Bd8
39. Kh5 b5 40. Kh6 Bb6 41. Nf7# { Black checkmated } 1-0

[Event "ICC tourney 2246 (120 10)"]
[Site "Internet Chess Club"]
[Date "2020.12.26"]
[Round "2"]
[White "ThorGodOfBlitz"]
[Black "Phoenix25"]
[Result "1-0"]
[ICCResult "Black checkmated"]
[WhiteElo "1130"]
[BlackElo "171"]
[Opening "Giuoco Pianissimo: Italian four knights variation"]
[ECO "C55"]
[NIC "IG.01"]
[Time "17:17:20"]
[PlyCount "65"]
[TimeControl "7200+10"]

1. e4 e5 2. Nf3 Nc6 3. Bc4 Nf6 4. Nc3 Bc5 5. d3 O-O 6. Bg5 d6 7. Nd5 Bd7 8.
Nxf6+ gxf6 9. Bh6 Re8 10. Nd2 Ne7 11. Qf3 Ng6 12. Qg3 Bc6 13. h4 d5 14.
exd5 Bxd5 15. h5 Bxc4 16. Nxc4 e4 17. O-O-O b5 18. hxg6 fxg6 19. dxe4 Qc8
20. Nd2 Qa6 21. Qb3+ Re6 22. f4 f5 23. exf5 gxf5 24. Rhe1 Re8 25. Qg3+ Rg6
26. Rxe8+ Kf7 27. Qe1 Qxa2 28. Nb3 Rxh6 29. Rd7+ Kg6 30. Re6+ Kh5 31. Qe2+
Kh4 32. Rxh6+ Kg3 33. Qf3# { Black checkmated } 1-0

[Event "ICC tourney 2246 (120 10)"]
[Site "Internet Chess Club"]
[Date "2020.12.26"]
[Round "2"]
[White "saahilkajarekar"]
[Black "chessadpa"]
[Result "0-1"]
[ICCResult "White checkmated"]
[WhiteElo "910"]
[BlackElo "1132"]
[Opening "QGD: 3...Nf6"]
[ECO "D35"]
[NIC "QO.16"]
[Time "17:17:42"]
[PlyCount "126"]
[TimeControl "7200+10"]

1. d4 d5 2. c4 e6 3. Nc3 Nf6 4. a3 Be7 5. Nf3 O-O 6. e3 b6 7. Be2 Bb7 8.
O-O Nbd7 9. Qc2 c5 10. Bd3 Qc7 11. Re1 a6 12. e4 dxc4 13. Bxc4 cxd4 14.
Nxd4 Qxc4 15. Qd2 Rfd8 16. b3 Qc5 17. Nf3 Ne5 18. Qe2 Qxc3 19. Bb2 Nxf3+
20. gxf3 Qxb3 21. Rec1 Rac8 22. Kf1 Rxc1+ 23. Rxc1 Bxa3 24. Bxa3 Qxa3 25.
Rc7 Rb8 26. Qd1 a5 27. Kg2 a4 28. Qd4 b5 29. Qb6 Rf8 30. Rxb7 Qb3 31. Rb8
Qb4 32. Qxb5 Qxb5 33. Rxb5 Ra8 34. Rb1 a3 35. Ra1 a2 36. Kg3 Nd7 37. f4 Nc5
38. Kf3 Nb3 39. Rxa2 Rxa2 40. f5 exf5 41. exf5 Nd4+ 42. Kg2 Nxf5 43. Kf3
Nd4+ 44. Kg3 Ne2+ 45. Kf3 Ng1+ 46. Kg2 Ra1 47. Kg3 Ra3+ 48. Kg2 Ne2 49. Kf1
Nf4 50. f3 Rxf3+ 51. Ke1 Rh3 52. Kf2 Rxh2+ 53. Kg3 Rg2+ 54. Kxf4 Rg6 55.
Kf5 h5 56. Ke5 h4 57. Kd5 h3 58. Ke5 h2 59. Kd4 h1=Q 60. Ke5 Qe1+ 61. Kf5
Rf6+ 62. Kg5 Qg1+ 63. Kh5 Rh6# { White checkmated } 0-1

[Event "ICC tourney 2246 (120 10)"]
[Site "Internet Chess Club"]
[Date "2020.12.26"]
[Round "2"]
[White "DanielGuan"]
[Black "caracleliem2"]
[Result "1/2-1/2"]
[ICCResult "Game drawn by repetition"]
[WhiteElo "985"]
[BlackElo "1152"]
[Opening "QGD Slav defense: exchange variation"]
[ECO "D10"]
[NIC "SL.01"]
[Time "17:17:07"]
[PlyCount "154"]
[TimeControl "7200+10"]

1. d4 d5 2. c4 c6 3. cxd5 cxd5 4. Nc3 Nf6 5. Bf4 Nc6 6. e3 e6 7. a3 Be7 8.
Nf3 O-O 9. Bd3 Bd7 10. Ne5 a6 11. O-O b5 12. Rc1 Rc8 13. Nxc6 Bxc6 14. Qf3
h6 15. Rfd1 Bd7 16. h3 Ra8 17. Nb1 Ra7 18. Nd2 b4 19. axb4 Bxb4 20. Ra1 Qb6
21. Bxh6 Be7 22. Qg3 Nh5 23. Qg4 f5 24. Qxh5 gxh6 25. Qg6+ Kh8 26. Qxh6+
Kg8 27. Qf4 Bd6 28. Qf3 Qxb2 29. Rxa6 Rxa6 30. Bxa6 Ba4 31. Rf1 Qxd2 32.
Qh5 Bd7 33. Bb7 Qb4 34. Qg6+ Kh8 35. Qh6+ Kg8 36. Qg5+ Kh8 37. Ba6 Be7 38.
Qh6+ Kg8 39. Be2 Rf6 40. Qg5+ Kf8 41. Bh5 Rf7 42. Qh6+ Rg7 43. Ra1 Qb7 44.
Rc1 Bg5 45. Qh8+ Rg8 46. Qe5 Bd8 47. Qd6+ Be7 48. Qf4 Bg5 49. Qc7 Qxc7 50.
Rxc7 Ke7 51. Kf1 Kd6 52. Rc1 Bb5+ 53. Be2 Rb8 54. Bxb5 Rxb5 55. Ke2 Rb2+
56. Kf3 Rb8 57. Rh1 Rh8 58. g3 Ke7 59. h4 Kf7 60. Kg2 Bf6 61. Kf3 Kg6 62.
Rc1 Re8 63. Rc7 Re7 64. Rc8 Rg7 65. Kf4 Rd7 66. Rg8+ Rg7 67. Rc8 Re7 68.
Rg8+ Rg7 69. Rc8 Re7 70. Kf3 Rh7 71. Rg8+ Kf7 72. Rc8 Kg6 73. Rg8+ Rg7 74.
Re8 Re7 75. Rg8+ Rg7 76. Re8 Re7 77. Rg8+ Rg7 { Game drawn by repetition }
1/2-1/2

[Event "ICC tourney 2246 (120 10)"]
[Site "Internet Chess Club"]
[Date "2020.12.26"]
[Round "2"]
[White "Platocrates"]
[Black "LittlePawn135"]
[Result "1-0"]
[ICCResult "Black checkmated"]
[WhiteElo "1196"]
[BlackElo "742"]
[Opening "Four knights game"]
[ECO "C47"]
[NIC "KP.06"]
[Time "17:16:49"]
[PlyCount "73"]
[TimeControl "7200+10"]

1. e4 e5 2. Nc3 Nc6 3. Nf3 Nf6 4. h3 Nd4 5. d3 Nxf3+ 6. Qxf3 d6 7. Be3 Be6
8. O-O-O Be7 9. b3 O-O 10. Be2 Qd7 11. Qg3 Kh8 12. Bg4 Bxg4 13. hxg4 Qxg4
14. Qh2 Qg6 15. Nd5 Nxd5 16. exd5 f5 17. f4 exf4 18. Bxf4 Bf6 19. Rdg1 Bd4
20. Re1 Rfe8 21. Kd2 Rxe1 22. Rxe1 b5 23. c3 Bf6 24. Qh3 Bg5 25. Bxg5 Qxg5+
26. Kc2 Qg6 27. Re6 Qf7 28. Qe3 f4 29. Qe4 Rc8 30. Re7 Qf6 31. Re6 Qf8 32.
d4 Kg8 33. Re7 g6 34. Qe6+ Kh8 35. Rf7 Qe8 36. Qf6+ Kg8 37. Qg7# { Black
checkmated } 1-0

[Event "ICC tourney 2246 (120 10)"]
[Site "Internet Chess Club"]
[Date "2020.12.26"]
[Round "2"]
[White "Chai2006"]
[Black "DWilston"]
[Result "1-0"]
[ICCResult "Black checkmated"]
[WhiteElo "1159"]
[BlackElo "976"]
[Opening "Sicilian: Flohr variation"]
[ECO "B32"]
[NIC "SI.32"]
[Time "17:17:14"]
[PlyCount "37"]
[TimeControl "7200+10"]

1. e4 c5 2. Nf3 Nc6 3. d4 cxd4 4. Nxd4 Qc7 5. Nc3 Nxd4 6. Qxd4 e5 7. Nb5
Qb8 8. Qc3 Bd6 9. Be3 a5 10. a3 Nf6 11. Rd1 O-O 12. Nxd6 b6 13. Bc4 Bb7 14.
Qxe5 Ne8 15. Nxf7 d5 16. exd5 Kxf7 17. d6+ Kg6 18. Qg3+ Kh5 19. Qg5# {
Black checkmated } 1-0

[Event "ICC tourney 2246 (120 10)"]
[Site "Internet Chess Club"]
[Date "2020.12.26"]
[Round "2"]
[White "nb12"]
[Black "chessrdu20"]
[Result "1/2-1/2"]
[ICCResult "Game drawn by repetition"]
[WhiteElo "1176"]
[BlackElo "1074"]
[Opening "Scotch gambit"]
[ECO "C44"]
[NIC "SO.06"]
[Time "17:17:16"]
[PlyCount "58"]
[TimeControl "7200+10"]

1. e4 e5 2. Nf3 Nc6 3. d4 exd4 4. Bc4 Bc5 5. Ng5 Ne5 6. Nxf7 Nxf7 7. Bxf7+
Kxf7 8. Qh5+ g6 9. Qxc5 Nf6 10. O-O Re8 11. Bg5 Rxe4 12. Nd2 Re6 13. Qxd4
Qe8 14. Qc4 c6 15. Bxf6 Kxf6 16. Nf3 h6 17. Qc3+ Kf7 18. Rfe1 d6 19. Rxe6
Bxe6 20. Re1 Qd7 21. Nd4 Re8 22. Qf3+ Kg7 23. Qc3 Kh7 24. Qe3 Bf7 25. Qc3
Be6 26. Qe3 Bf7 27. Qc3 Be6 28. Qe3 Bf7 29. Qc3 Be6 { Game drawn by
repetition } 1/2-1/2

[Event "ICC tourney 2246 (120 10)"]
[Site "Internet Chess Club"]
[Date "2020.12.26"]
[Round "2"]
[White "gauravgupta"]
[Black "Eleyn"]
[Result "1-0"]
[ICCResult "Black resigns"]
[WhiteElo "1164"]
[BlackElo "1053"]
[Opening "Ruy Lopez: exchange variation"]
[ECO "C68"]
[NIC "RL.08"]
[Time "17:16:49"]
[PlyCount "135"]
[TimeControl "7200+10"]

1. e4 e5 2. Nf3 Nc6 3. Bb5 a6 4. Bxc6 dxc6 5. d3 Bd6 6. Nc3 Bg4 7. h3 Bh5
8. g4 Bg6 9. h4 h6 10. h5 Bh7 11. Be3 Qf6 12. Qe2 Qe6 13. Nh4 Nf6 14. Nf5
Bxf5 15. gxf5 Qe7 16. Rg1 g5 17. hxg6 fxg6 18. Rxg6 Rg8 19. Bxh6 Qh7 20.
Rxg8+ Nxg8 21. Be3 Qh1+ 22. Qf1 Qf3 23. Kd2 O-O-O 24. Qe2 Qg2 25. f3 Qg3
26. Rg1 Qh4 27. Bg5 Qh7 28. Bxd8 Kxd8 29. Qg2 Qh6+ 30. Qg5+ Kc8 31. Qxh6
Nxh6 32. Rg6 Bf8 33. Ke3 Kd7 34. f4 Nf7 35. Rf6 exf4+ 36. Kxf4 Bd6+ 37. Ke3
Ne5 38. Ke2 Ng4 39. Rg6 Ne5 40. Rg7+ Ke8 41. d4 Nc4 42. e5 Bb4 43. Rxc7
Nxb2 44. Nd1 Nxd1 45. Kxd1 Bc3 46. f6 Bxd4 47. f7+ Kf8 48. e6 Bg7 49. Rc8+
Ke7 50. Re8+ Kf6 51. f8=Q+ Bxf8 52. Rxf8+ Kxe6 53. Rb8 b5 54. Rb6 a5 55.
Rxc6+ Kd5 56. Ra6 a4 57. c3 Kc5 58. Kc2 Kc4 59. a3 Kc5 60. Kd3 Kd5 61. Ra5
Kc5 62. c4 Kb6 63. Rxb5+ Ka6 64. Kd4 Ka7 65. Kc5 Ka8 66. Kc6 Ka7 67. Rb4
Ka8 68. Kc7 { Black resigns } 1-0

[Event "ICC tourney 2246 (120 10)"]
[Site "Internet Chess Club"]
[Date "2020.12.26"]
[Round "2"]
[White "SreeVSundaram"]
[Black "AarushV5"]
[Result "1-0"]
[ICCResult "Black checkmated"]
[WhiteElo "914"]
[BlackElo "672"]
[Opening "QGD: Marshall defense"]
[ECO "D06"]
[NIC "QP.08"]
[Time "17:16:56"]
[PlyCount "149"]
[TimeControl "7200+10"]

1. d4 d5 2. c4 Nf6 3. cxd5 Nxd5 4. e4 Nb6 5. Bf4 e6 6. Nf3 Bb4+ 7. Nc3 Nc6
8. Be2 Bxc3+ 9. bxc3 h6 10. h4 O-O 11. O-O Nd7 12. Rb1 b6 13. Bb5 Bb7 14.
Qa4 Ndb8 15. Rfd1 a6 16. Bd3 b5 17. Qc2 Re8 18. d5 exd5 19. exd5 Ne7 20. c4
bxc4 21. Bxc4 Bxd5 22. Bxd5 Nxd5 23. Qc5 c6 24. Bxb8 Rxb8 25. Rxb8 Qxb8 26.
Qxc6 Nb4 27. Qc4 Rc8 28. Qb3 Rc2 29. a3 Rc8 30. Qxb4 Qc7 31. Qa4 a5 32. Qd7
Qc2 33. Rd2 Qc1+ 34. Kh2 Rc7 35. Qd8+ Kh7 36. Qd3+ g6 37. h5 Kg7 38. hxg6
fxg6 39. Qd4+ Kh7 40. Rd3 Qc2 41. Qd8 Qc6 42. Ne5 Qb7 43. Rd7+ Rxd7 44.
Qxd7+ Qxd7 45. Nxd7 g5 46. Nc5 Kg6 47. Nb7 a4 48. Nc5 Kf7 49. Nxa4 Ke7 50.
Nc3 Kd6 51. a4 Kc6 52. a5 Kb7 53. a6+ Kxa6 54. Kg3 Kb6 55. Kg4 Kc6 56. Kh5
Kd6 57. Kxh6 g4 58. Kg5 Ke5 59. Kxg4 Kd4 60. f4 Kd3 61. f5 Kxc3 62. f6 Kd2
63. f7 Ke2 64. f8=Q Ke3 65. Qf4+ Kd3 66. Kf3 Kc3 67. Qe4 Kb3 68. Qd4 Kc2
69. Qe3 Kb2 70. Qd3 Kc1 71. Qe2 Kb1 72. Ke3 Kc1 73. Kd3 Kb1 74. Kc3 Ka1 75.
Qb2# { Black checkmated } 1-0

[Event "ICC tourney 2246 (120 10)"]
[Site "Internet Chess Club"]
[Date "2020.12.26"]
[Round "2"]
[White "traycon"]
[Black "GagikG2009"]
[Result "0-1"]
[ICCResult "White resigns"]
[WhiteElo "857"]
[BlackElo "1130"]
[Opening "English: four knights system"]
[ECO "A28"]
[NIC "EO.08"]
[Time "17:17:20"]
[PlyCount "112"]
[TimeControl "7200+10"]

1. c4 e5 2. Nc3 Nc6 3. Nf3 Nf6 4. d4 exd4 5. Nxd4 Nxd4 6. Qxd4 Bb4 7. Bg5
Be7 8. e4 d6 9. e5 dxe5 10. Qxd8+ Bxd8 11. Bd3 Be6 12. O-O O-O 13. Rfe1 Nd7
14. Bxd8 Raxd8 15. Nb5 c6 16. Nd6 Nc5 17. Nxb7 Nxb7 18. Be2 Rd6 19. b4 f6
20. c5 Rd7 21. Bf3 Bd5 22. Red1 Rfd8 23. a3 Bxf3 24. Rxd7 Rxd7 25. gxf3 a6
26. Kg2 Nd8 27. Kg3 Ne6 28. Kg4 Kf7 29. Rb1 h5+ 30. Kg3 Rd3 31. h4 Nd4 32.
Kg2 Rxf3 33. a4 Rc3 34. a5 Ke6 35. Re1 Rb3 36. f4 Rb2+ 37. Kf1 Rxb4 38.
fxe5 fxe5 39. Re3 Nf5 40. Rd3 Ke7 41. Kf2 Rb5 42. Kf3 Rxc5 43. Ke4 Nd6+ 44.
Ke3 Rxa5 45. Rd1 Ra3+ 46. Kd2 e4 47. Rg1 e3+ 48. Ke2 Nf5 49. Rg5 Ra2+ 50.
Ke1 Nxh4 51. Rxg7+ Kf6 52. Rg3 Nf5 53. Rf3 Ke5 54. Rh3 Ke4 55. Rxh5 Kd3 56.
Kf1 Ng3+ { White resigns } 0-1

[Event "ICC tourney 2246 (120 10)"]
[Site "Internet Chess Club"]
[Date "2020.12.26"]
[Round "2"]
[White "funchessethan"]
[Black "sunnypatelsp"]
[Result "0-1"]
[ICCResult "White checkmated"]
[WhiteElo "995"]
[BlackElo "1163"]
[Opening "Sicilian defense"]
[ECO "B30"]
[NIC "SI.31"]
[Time "17:17:09"]
[PlyCount "104"]
[TimeControl "7200+10"]

1. e4 c5 2. Nf3 Nc6 3. Bc4 h6 4. d3 d6 5. Nc3 a6 6. O-O e6 7. Re1 Nge7 8.
Bf4 g5 9. Bg3 Ng6 10. d4 b6 11. d5 Na5 12. Be2 e5 13. Nd2 Nf4 14. Bg4 h5
15. Bf5 Bxf5 16. exf5 h4 17. Bxf4 gxf4 18. Ne2 Qg5 19. Nf3 Qxf5 20. Nc3 f6
21. Ne4 Kd7 22. c3 Nc4 23. b3 Na3 24. c4 b5 25. cxb5 Nxb5 26. Nfd2 Nd4 27.
Nc4 Rb8 28. Qc1 h3 29. Qc3 Qg6 30. g3 fxg3 31. fxg3 f5 32. Nf2 e4 33. Nd2
Bg7 34. Qe3 Nc2 35. Qe2 Bxa1 36. Rc1 e3 37. Rxc2 exf2+ 38. Kxf2 Bd4+ 39.
Kf1 f4 40. Rc1 fxg3 41. hxg3 Rbf8+ 42. Ke1 Qxg3+ 43. Kd1 Qe5 44. Qxa6 Qxd5
45. Qa7+ Ke6 46. Qa6 h2 47. Qf1 Rxf1+ 48. Kc2 Rxc1+ 49. Kxc1 h1=Q+ 50. Kc2
Qf5+ 51. Ne4 Qfxe4+ 52. Kd2 Rh2# { White checkmated } 0-1

[Event "ICC tourney 2246 (120 10)"]
[Site "Internet Chess Club"]
[Date "2020.12.26"]
[Round "2"]
[White "aWildNateDawg"]
[Black "Bouchard140"]
[Result "1/2-1/2"]
[ICCResult "Game drawn by mutual agreement"]
[WhiteElo "1109"]
[BlackElo "1250"]
[Opening "French defense"]
[ECO "C00"]
[NIC "FR.01"]
[Time "17:17:14"]
[PlyCount "109"]
[TimeControl "7200+10"]

1. e4 e6 2. Nc3 d5 3. exd5 exd5 4. d4 Nc6 5. Bb5 Nf6 6. Nf3 Bb4 7. Bd2 O-O
8. O-O Bg4 9. a3 Ba5 10. Bxc6 bxc6 11. Bg5 Bxc3 12. bxc3 Qd6 13. Qd3 Ne4
14. Ne5 Nxg5 15. Nxg4 Rfe8 16. c4 dxc4 17. Qxc4 Re4 18. Ne5 Rxd4 19. Qxc6
Rd8 20. Qxd6 R8xd6 21. Nd3 f6 22. Rab1 Rb6 23. Rb4 c5 24. Rxb6 axb6 25. f3
Rc4 26. Rb1 Rxc2 27. Rxb6 Rc3 28. Nf4 Rxa3 29. h4 Ra4 30. hxg5 Rxf4 31.
gxf6 Rxf6 32. Rb7 Rf7 33. Rb8+ Rf8 34. Rb7 Rc8 35. Kf2 h5 36. Ke3 Kh7 37.
Kd3 c4+ 38. Kc3 Kg6 39. Rb5 Kh6 40. Rd5 g5 41. Rd6+ Kg7 42. Rb6 h4 43. Rd6
Kf7 44. Rb6 Ra8 45. Rb2 Ra4 46. Re2 Kf6 47. Re4 Kf5 48. Rg4 Ra2 49. Kd4 Ra3
50. Re4 c3 51. Kd3 Ra2 52. Rg4 c2 53. Kd2 Kg6 54. Kc1 Kf6 55. Kd2 { Game
drawn by mutual agreement } 1/2-1/2

[Event "ICC tourney 2246 (120 10)"]
[Site "Internet Chess Club"]
[Date "2020.12.27"]
[Round "3"]
[White "Chessssssser"]
[Black "funchessethan"]
[Result "0-1"]
[ICCResult "White checkmated"]
[WhiteElo "1239"]
[BlackElo "995"]
[Opening "Ruy Lopez: exchange variation, 5.O-O"]
[ECO "C68"]
[NIC "RL.08"]
[Time "12:01:47"]
[PlyCount "28"]
[TimeControl "7200+10"]

1. e4 e5 2. Nf3 Nc6 3. Bb5 a6 4. Bxc6 dxc6 5. O-O Nf6 6. Nxe5 Bd6 7. Nf3
O-O 8. e5 Bc5 9. exf6 Qxf6 10. d4 Bb6 11. Bg5 Qg6 12. h3 h6 13. Be3 Bxh3
14. Ne5 Qxg2# { White checkmated } 0-1

[Event "ICC tourney 2246 (120 10)"]
[Site "Internet Chess Club"]
[Date "2020.12.27"]
[Round "3"]
[White "Lucasmoon17"]
[Black "oxdidi"]
[Result "0-1"]
[ICCResult "White checkmated"]
[WhiteElo "643"]
[BlackElo "945"]
[Opening "Giuoco Piano: four knights variation"]
[ECO "C47"]
[NIC "KP.06"]
[Time "12:02:02"]
[PlyCount "30"]
[TimeControl "7200+10"]

1. e4 e5 2. Nf3 Nc6 3. Nc3 Nf6 4. Bc4 Bc5 5. O-O d6 6. Ng5 O-O 7. d3 h6 8.
Nf3 Bg4 9. Nd5 Nxd5 10. exd5 Nd4 11. c3 Nxf3+ 12. gxf3 Bh3 13. Re1 Qf6 14.
Kh1 Bxf2 15. Re2 Qxf3# { White checkmated } 0-1

[Event "ICC tourney 2246 (120 10)"]
[Site "Internet Chess Club"]
[Date "2020.12.27"]
[Round "3"]
[White "mukeshietk"]
[Black "Anichess2009"]
[Result "0-1"]
[ICCResult "White checkmated"]
[WhiteElo "100"]
[BlackElo "812"]
[Opening "Queen's Pawn"]
[ECO "A41"]
[NIC "QO.17"]
[Time "12:01:40"]
[PlyCount "86"]
[TimeControl "7200+10"]

1. d4 d6 2. e3 Nf6 3. Bd3 Nc6 4. e4 e5 5. dxe5 dxe5 6. Bb5 Qxd1+ 7. Kxd1
Nxe4 8. Bxc6+ bxc6 9. Nh3 Bxh3 10. Ke1 Bf5 11. f3 Nf6 12. Rf1 Bc5 13. a3
Bxc2 14. Nc3 O-O-O 15. Ra2 Bd4 16. b3 Bxc3+ 17. Ke2 Bd3+ 18. Kf2 Bd4+ 19.
Ke1 Bxf1 20. Kxf1 Bc3 21. Rc2 Rd1+ 22. Ke2 Re1+ 23. Kd3 Rd8+ 24. Kc4 Rdd1
25. Kxc3 Rxc1 26. b4 Rxc2+ 27. Kxc2 Re2+ 28. Kd3 Rxg2 29. a4 e4+ 30. fxe4
Rxh2 31. e5 Rh3+ 32. Kd4 h5 33. exf6 gxf6 34. b5 cxb5 35. a5 h4 36. Kc5
Rc3+ 37. Kxb5 h3 38. Ka6 h2 39. Kxa7 h1=Q 40. Ka6 Qc6+ 41. Ka7 Rb3 42. a6
Qb6+ 43. Ka8 Qb8# { White checkmated } 0-1